[Event "Navidad Barcelona IM2 2024"]
[Site "Barcelona"]
[Date "2024.12.26"]
[Round "1.2"]
[White "Masague Artero, Guerau"]
[Black "Abreu Sanchez, Leonel Jesus"]
[Result "1-0"]
[ECO "D45"]
[WhiteElo "2265"]
[BlackElo "1857"]
[Annotator "RC"]
[PlyCount "93"]
[EventDate "2024.12.26"]
[EventCountry "ESP"]
[SourceTitle "playchess.com"]
[Source "ChessBase"]
[SourceQuality "1"]
[TimeControl "5400+30"]

1. Nf3 Nf6 2. c4 e6 3. b3 d5 4. Bb2 Bd6 5. e3 O-O 6. Nc3 c6 7. d4 Nbd7 8. Be2 Qa5 9. O-O e5 10. dxe5 Nxe5 11. cxd5 cxd5 12. Nb5 Nxf3+ 13. gxf3 Be7 14. Kh1 Bf5 15. Nd4 Bg6 16. a3 Rac8 17. f4 h6 18. Bd3 Bh5 19. f3 Ne4 20. Nf5 Bf6 21. Bxf6 Nxf6 22. Ne7+ Kh8 23. Nxc8 Rxc8 24. Bf5 Re8 25. Qd4 Qb5 26. Bd3 Qa5 27. b4 Qa4 28. Kg2 Qd7 29. Qxa7 Ne4 30. Qd4 Nd2 31. Bb5 Qxb5 32. Qxd2 d4 33. e4 f5 34. Qxd4 fxe4 35. fxe4 Qe2+ 36. Rf2 Qg4+ 37. Kh1 Qh3 38. Raf1 Rc8 39. Rg2 Bg4 40. Qf2 Rc3 41. Kg1 Rxa3 42. Rg3 Rxg3+ 43. Qxg3 Qh5 44. f5 Be2 45. f6 gxf6 46. Rxf6 Bg4 47. Qb8+ 1-0

[Event "Navidad Barcelona IM2 2024"]
[Site "Barcelona"]
[Date "2024.12.26"]
[Round "1.3"]
[White "Fuentes Guinot, Alejandro"]
[Black "Martin Barcelo, Carles"]
[Result "0-1"]
[ECO "E01"]
[WhiteElo "2262"]
[BlackElo "2257"]
[Annotator "RC"]
[PlyCount "92"]
[EventDate "2024.12.26"]
[EventCountry "ESP"]
[SourceTitle "playchess.com"]
[Source "ChessBase"]
[SourceQuality "1"]
[TimeControl "5400+30"]

1. d4 d5 2. c4 e6 3. Nf3 Nf6 4. g3 h6 5. Bg2 Bd6 6. O-O O-O 7. Qc2 b6 8. Nc3 Bb7 9. Nb5 a6 10. Nxd6 cxd6 11. Bf4 Nc6 12. cxd5 exd5 13. Rac1 Qd7 14. Qb3 b5 15. a4 b4 16. a5 Rac8 17. Bd2 Nxa5 18. Qxb4 Nc4 19. Qb3 Rfe8 20. Rfe1 a5 21. Ra1 Bc6 22. Bc3 Ne4 23. Qc2 Bb5 24. Qd1 a4 25. Nd2 Nexd2 26. Bxd2 Nxb2 27. Qb1 Nc4 28. Bb4 Bc6 29. e4 dxe4 30. d5 Bxd5 31. Qd1 Bc6 32. Qd4 Ne5 33. Rad1 Nf3+ 34. Bxf3 exf3 35. Bc3 f6 36. g4 Re2 37. h3 Rce8 38. Rf1 R8e6 39. Qb4 h5 40. Kh2 Kh7 41. Qb1+ Be4 42. Qb4 hxg4 43. hxg4 d5 44. Ra1 Re8 45. Kg3 Qc7+ 46. Kh3 Kg6 0-1

[Event "Navidad Barcelona IM2 2024"]
[Site "Barcelona"]
[Date "2024.12.26"]
[Round "1.4"]
[White "Rojas Keim, Luis"]
[Black "Serrahima Susany, Ramon"]
[Result "1-0"]
[ECO "B22"]
[WhiteElo "2326"]
[BlackElo "2020"]
[Annotator "RC"]
[PlyCount "101"]
[EventDate "2024.12.26"]
[EventCountry "ESP"]
[SourceTitle "playchess.com"]
[Source "ChessBase"]
[SourceQuality "1"]
[TimeControl "5400+30"]

1. e4 c5 2. Nf3 e6 3. c3 d5 4. exd5 Qxd5 5. d4 Nf6 6. Bd3 Be7 7. dxc5 Bxc5 8. O-O Nc6 9. Bg5 Be7 10. Qe2 h6 11. Bf4 O-O 12. Rd1 Qh5 13. Nbd2 Re8 14. Ne4 Nxe4 15. Bxe4 Bf8 16. Bd6 Ne7 17. Qc2 f5 18. Bd3 Nd5 19. Bxf8 Rxf8 20. Qd2 b6 21. Bc4 Rd8 22. Nd4 Kh7 23. Qe2 Qxe2 24. Bxe2 Bd7 25. Bf3 Rac8 26. Rd2 Nc7 27. Nxf5 exf5 28. Rad1 Ne6 29. Rxd7 Rxd7 30. Rxd7 Nc5 31. Rd2 Re8 32. Kf1 Re7 33. g3 Kg6 34. h4 Kf6 35. Bd1 Ne4 36. Rd4 g5 37. hxg5+ hxg5 38. Bc2 Nc5 39. b4 Ne6 40. Rd5 Ng7 41. c4 Re5 42. Rd4 Ne6 43. Rd7 a5 44. a3 axb4 45. axb4 Nf8 46. Rb7 Re6 47. Bb3 Rc6 48. c5 bxc5 49. Rf7+ Kg6 50. Rxf8 cxb4 51. Rb8 1-0

[Event "Navidad Barcelona IM2 2024"]
[Site "Barcelona"]
[Date "2024.12.26"]
[Round "1.5"]
[White "Ayats Llobera, Gerard"]
[Black "Gonzalez, Raul Omar"]
[Result "1-0"]
[ECO "B72"]
[WhiteElo "2451"]
[BlackElo "2131"]
[Annotator "ChessBase"]
[PlyCount "147"]
[EventDate "2024.12.26"]
[EventCountry "ESP"]
[SourceTitle "playchess.com"]
[Source "ChessBase"]
[SourceQuality "1"]
[TimeControl "5400+30"]

1. Nf3 c5 2. e4 d6 3. d4 cxd4 4. Nxd4 Nf6 5. Nc3 g6 6. Be3 Bg7 7. Be2 Nc6 8. Qd2 O-O 9. O-O-O Ng4 10. Bxg4 Bxg4 11. f3 Be6 12. Kb1 Bxd4 13. Bxd4 Qa5 14. Be3 Rfc8 15. Nd5 Qxd2 16. Rxd2 b5 17. b3 Rab8 18. Kb2 Rb7 19. Ra1 a5 20. a4 b4 21. Rc1 Rcb8 22. h3 f6 23. g4 Kf7 24. f4 Bd7 25. Bf2 Nd8 26. Ne3 Ne6 27. Nc4 Nxf4 28. Be3 Ne6 29. Rd5 Bc6 30. Nxa5 Bxd5 31. exd5 Nc7 32. Rd1 Ke8 33. Nxb7 Rxb7 34. Rd4 Kd7 35. Bd2 Na6 36. g5 fxg5 37. Bxg5 e5 38. dxe6+ Kxe6 39. Rc4 Kd5 40. Bd2 h5 41. h4 Rb8 42. Rf4 Ke6 43. Kc1 d5 44. Be3 Ke7 45. Kd2 Rc8 46. Bd4 Rc6 47. Bg7 Rb6 48. Bh6 Kd7 49. Rf7+ Ke6 50. Ra7 Kf5 51. Be3 Rc6 52. Rf7+ Kg4 53. Rf4+ Kg3 54. Rd4 Nc5 55. Rxd5 Ne4+ 56. Kd3 Kf3 57. Bd4 Nf2+ 58. Bxf2 Kxf2 59. Rb5 Rc3+ 60. Kd2 Rg3 61. Rxb4 Rg4 62. c3 g5 63. hxg5 Rxb4 64. cxb4 h4 65. g6 h3 66. g7 h2 67. g8=Q h1=Q 68. Qf7+ Kg3 69. Qg6+ Kf4 70. Qf6+ Kg4 71. Qd4+ Kg5 72. b5 Qg2+ 73. Kc3 Qa2 74. Qd2+ 1-0

[Event "Navidad Barcelona IM2 2024"]
[Site "Barcelona"]
[Date "2024.12.27"]
[Round "2.1"]
[White "Cruz, Jonathan"]
[Black "Gonzalez, Raul Omar"]
[Result "1-0"]
[ECO "A22"]
[WhiteElo "2342"]
[BlackElo "2131"]
[Annotator "TA"]
[PlyCount "95"]
[EventDate "2024.12.26"]
[EventCountry "ESP"]
[SourceTitle "playchess.com"]
[Source "ChessBase"]
[SourceQuality "1"]
[TimeControl "5400+30"]

1. Nf3 d6 2. g3 e5 3. Bg2 Nf6 4. O-O Be7 5. c4 O-O 6. Nc3 c5 7. e3 Be6 8. b3 Nc6 9. Ng5 Bg4 10. Qc2 h6 11. Nf3 Qd7 12. Bb2 Bf5 13. Qd1 (13. e4 $11 {might be stronger.} Bg4 14. Nd5) 13... Bd3 $15 14. Ne2 $1 b5 15. cxb5 Bxb5 16. d3 Rab8 17. Nc3 Ba6 18. Re1 Nb4 19. Bf1 Bd8 20. Be2 Ba5 21. Rf1 Qh3 22. Nh4 (22. Re1 $11) 22... g5 23. Ne4 Qe6 (23... Nxe4 $15 24. Bg4 Qxf1+ 25. Qxf1 gxh4) 24. Nxf6+ $11 Qxf6 25. Ng2 Qg6 26. e4 Bc8 (26... d5 $11) 27. Bh5 (27. f4 {is interesting.} Bh3 28. Bh5 Qg7 29. fxg5 hxg5 30. g4) 27... Qe6 (27... Qh7 $11) 28. Ne3 $16 Bb6 29. Bg4 Qe8 (29... Qg6 $16) 30. Bxc8 $18 Qxc8 31. Kh1 (31. Nf5 $18 {and White stays clearly on top.} Kh7 32. Kg2 (32. Nxd6 Qe6 $16)) 31... f5 32. a3 (32. Nxf5 $6 Rxf5 33. exf5 Qxf5 $16) (32. exf5 $6 Kh7 33. Kg1 Qb7 $16) 32... Nc6 33. Qh5 (33. exf5 $6 Ne7 $16) 33... Kh7 {[%emt 0:00:24] Inhibits Qg6+.} 34. Nxf5 $40 {[%emt 0:00:55][%mdl 128] White attacks with force.} ({Don't do} 34. exf5 $6 Qe8 35. Qf3 Ne7) 34... Rxf5 $2 (34... Qe6 35. f4 gxf4 36. gxf4 c4) 35. exf5 Qxf5 36. f4 Qxd3 $2 (36... exf4 37. Rxf4 Qd5+ 38. Qf3 Qxf3+ 39. Rxf3 Bd8 40. Rf7+ Kg6) 37. Qf7+ Kh8 38. Qf6+ (38. Rae1 $142) 38... Kh7 {[%emt 0:00:03] and ...Qd5+ should not be overlooked} 39. fxg5 (39. fxe5 Qe4+ 40. Qf3 Qxf3+ 41. Rxf3 Nxe5 42. Bxe5 dxe5 $18) 39... Qe4+ 40. Rf3 hxg5 41. Qf7+ Kh6 $2 {[%emt 0:00:23] [#]} (41... Kh8 42. Raf1 g4) 42. h4 $1 {[%emt 0:00:43][%mdl 512] Intending hxg5+ and mate.} Nd4 (42... Bd8 43. Raf1) 43. Bxd4 cxd4 44. Kh2 Bd8 45. Raf1 gxh4 {[%emt 0:02:13] [#]} 46. Rf6+ $1 Bxf6 47. Rxf6+ Kg5 48. Qg7+ 1-0

[Event "Navidad Barcelona IM2 2024"]
[Site "Barcelona"]
[Date "2024.12.27"]
[Round "2.2"]
[White "Serrahima Susany, Ramon"]
[Black "Ayats Llobera, Gerard"]
[Result "0-1"]
[ECO "B80"]
[WhiteElo "2020"]
[BlackElo "2451"]
[Annotator "TA"]
[PlyCount "72"]
[EventDate "2024.12.26"]
[EventCountry "ESP"]
[SourceTitle "playchess.com"]
[Source "ChessBase"]
[SourceQuality "1"]
[TimeControl "5400+30"]

1. e4 c5 2. Nf3 e6 3. d4 cxd4 4. Nxd4 Nf6 5. Nc3 d6 6. Be3 Nc6 7. f3 Be7 8. Qd2 a6 9. g4 Qc7 10. O-O-O b5 11. g5 Nd7 12. f4 b4 {[%emt 0:00:00] Hoping for ...Nxd4.} 13. Nce2 Bb7 14. Ng3 {[%emt 0:12:30] White is slightly better.} Nc5 15. Kb1 O-O 16. f5 ({White should play} 16. Bg2 $1 $14) 16... Nxd4 $11 17. Qxd4 {[%emt 0:02:32] Black must now prevent f6.} Rfc8 18. Rc1 {[%emt 0:07:47] [#]} (18. Qxb4 exf5 (18... Nxe4 19. Bd3 $11) 19. Qc3 Nxe4 20. Qxc7 Rxc7 $17) (18. f6 $11 {keeps the balance.} Bf8 (18... Nxe4 19. Bd3 $15) 19. Bg2) 18... e5 $1 $17 19. Qxb4 {[%emt 0:07:12][%cal Of5f6] [#]} a5 (19... Rab8 $1 $17 20. Bxc5 dxc5) 20. Qe1 $11 Nxe4 21. Rg1 g6 (21... Bxg5 $2 22. Nxe4 Bxe4 23. Rxg5 $18 (23. Bxg5 Bxf5 24. Ka1 Rab8 $18)) (21... Nxg5 22. Nh5 h6 23. h4 $16) 22. fxg6 hxg6 23. h4 a4 24. a3 Nxg3 25. Rxg3 d5 (25... Be4 $11 {remains equal.} 26. Bd3 Bxd3 27. cxd3 Qb7) 26. Bd2 (26. h5 $1 $16) 26... d4 {[%emt 0:00:39] [#]} (26... Bd6 $14) 27. h5 $1 $16 gxh5 28. Rh3 Rab8 (28... Kg7 $16) 29. Qe2 $2 (29. Rxh5 $18 {Qh4 would now be deadly.} Bf3 30. Rh6 Rxb2+ (30... Bxa3 $2 {perishes.} 31. Qh4 $18) 31. Kxb2 Rb8+ 32. Ka1 Bxa3 33. Rb1 Rxb1+ 34. Qxb1) 29... Kg7 $1 $11 30. Qxh5 $2 (30. Rxh5 $11 Bd5 31. Ba5 Bxa3 32. Bxc7 Rxb2+ 33. Ka1 Ra2+ 34. Kb1 Rb8+ 35. Bxb8 (35. Qb5 Rb2+ 36. Ka1 Ra2+ 37. Kb1 Rxb5+ 38. Bxb5 Kg6 $11) 35... Rb2+ 36. Ka1 Ra2+ 37. Kb1 Rb2+ 38. Ka1 Ra2+ 39. Kb1) 30... Rh8 $19 31. Qg4 Bc8 32. Qg3 {[%emt 0:00:01] aiming for Rxh8.} Bxh3 33. Bxh3 Bd6 {[%emt 0:02:38] And now ...e4 would win.} 34. Ka1 (34. Bg2 $142 e4 35. Qf2) 34... e4 {[%emt 0:00:56] Black is clearly winning.} 35. Qg2 (35. Qg4 $142) 35... e3 36. Be1 Qb6 {[%emt 0:01:28] Weighted Error Value: White=0.92/Black=0.32.  Loses game:     	White=1     	---        Missed win:     	White=1     	---        Mistake:       	White=5     	Black=4      Inaccurate:     	White=1     	---        OK:         	White=9     	Black=9      Best:        	White=1     	Black=4      Strong:       	---       	Black=2      Brilliant:      	White=1     	---} (36... Bxa3 $142 37. bxa3 d3) 0-1

[Event "Navidad Barcelona IM2 2024"]
[Site "Barcelona"]
[Date "2024.12.27"]
[Round "2.3"]
[White "Martin Barcelo, Carles"]
[Black "Rojas Keim, Luis"]
[Result "1/2-1/2"]
[ECO "A30"]
[WhiteElo "2257"]
[BlackElo "2326"]
[Annotator "RC"]
[PlyCount "64"]
[EventDate "2024.12.26"]
[EventCountry "ESP"]
[SourceTitle "playchess.com"]
[Source "ChessBase"]
[SourceQuality "1"]
[TimeControl "5400+30"]

1. e4 c5 2. Nf3 e6 3. g3 Nc6 4. Bg2 Nf6 5. d3 d6 6. O-O Be7 7. c4 O-O 8. Nc3 a6 9. d4 cxd4 10. Nxd4 Nxd4 11. Qxd4 Bd7 12. e5 dxe5 13. Qxe5 Qc8 14. b3 Bc6 15. Bxc6 Qxc6 16. Bb2 Rfd8 17. Rfd1 h5 18. Rxd8+ Rxd8 19. Rd1 Rxd1+ 20. Nxd1 Qf3 21. Ne3 Bb4 22. Nf1 h4 23. gxh4 Kh7 24. Qg3 Qf5 25. Qg5 Qf3 26. Qg3 Qc6 27. Ne3 Qe4 28. Bxf6 gxf6 29. Qc7 Kg7 30. Qg3+ Kh7 31. Qc7 Kg7 32. Qg3+ Kh7 1/2-1/2

[Event "Navidad Barcelona IM2 2024"]
[Site "Barcelona"]
[Date "2024.12.27"]
[Round "2.4"]
[White "Abreu Sanchez, Leonel Jesus"]
[Black "Fuentes Guinot, Alejandro"]
[Result "0-1"]
[ECO "E05"]
[WhiteElo "1857"]
[BlackElo "2262"]
[Annotator "RC"]
[PlyCount "75"]
[EventDate "2024.12.26"]
[EventCountry "ESP"]
[SourceTitle "playchess.com"]
[Source "ChessBase"]
[SourceQuality "1"]
[TimeControl "5400+30"]

1. d4 d5 2. c4 e6 3. Nf3 Nf6 4. g3 Be7 5. Bg2 O-O 6. O-O dxc4 7. Qc2 a6 8. a4 Bd7 9. Qxc4 Bc6 10. Bg5 Bd5 11. Qc2 Nc6 12. Bxf6 gxf6 13. e4 Nb4 14. Qe2 Bc6 15. Nc3 Kh8 16. Rad1 Qe8 17. Qc4 b5 18. axb5 axb5 19. Qe2 Na2 20. Rfe1 b4 21. Nxa2 Rxa2 22. d5 Bb5 23. Qd2 e5 24. Bh3 Rg8 25. Nh4 Bc5 26. Nf5 Qf8 27. Ra1 Qa8 28. Rac1 Qa7 29. d6 Bd7 30. dxc7 Be6 31. Kg2 Qxc7 32. Red1 Raa8 33. Qxb4 Bxb4 34. Rxc7 Ba5 35. Rb7 Rgb8 36. Rxb8+ Rxb8 37. Ra1 Bb6 38. b4 0-1

[Event "Navidad Barcelona IM2 2024"]
[Site "Barcelona"]
[Date "2024.12.27"]
[Round "2.5"]
[White "Cruz, Filemon"]
[Black "Masague Artero, Guerau"]
[Result "1/2-1/2"]
[ECO "A07"]
[WhiteElo "2234"]
[BlackElo "2265"]
[Annotator "RC"]
[PlyCount "51"]
[EventDate "2024.12.26"]
[EventCountry "ESP"]
[SourceTitle "playchess.com"]
[Source "ChessBase"]
[SourceQuality "1"]
[TimeControl "5400+30"]

1. Nf3 d5 2. g3 Nc6 3. Bg2 e5 4. d3 f6 5. O-O Be6 6. e4 d4 7. Nh4 Nge7 8. f4 exf4 9. gxf4 Qd7 10. a3 O-O-O 11. b4 g5 12. fxg5 fxg5 13. Bxg5 Rg8 14. Bf4 Ng6 15. Nxg6 Rxg6 16. b5 Qg7 17. bxc6 Rxg2+ 18. Kh1 Bd6 19. Qf3 Rg8 20. Nd2 Rxh2+ 21. Bxh2 Bxh2 22. Rf2 Be5 23. Qh5 Bg4 24. Qh4 bxc6 25. Rg1 h5 26. Rff1 1/2-1/2

[Event "Navidad Barcelona IM2 2024"]
[Site "Barcelona"]
[Date "2024.12.27"]
[Round "3.1"]
[White "Masague Artero, Guerau"]
[Black "Cruz, Jonathan"]
[Result "1-0"]
[ECO "B38"]
[WhiteElo "2265"]
[BlackElo "2342"]
[Annotator "TA"]
[PlyCount "95"]
[EventDate "2024.12.26"]
[EventCountry "ESP"]
[SourceTitle "playchess.com"]
[Source "ChessBase"]
[SourceQuality "1"]
[TimeControl "5400+30"]

1. c4 Nf6 2. Nc3 c5 3. Nf3 g6 4. e4 Bg7 5. d4 cxd4 6. Nxd4 O-O 7. Be2 Nc6 8. Be3 b6 9. Qd2 Bb7 10. f3 Rc8 11. O-O d6 12. Rfd1 Qd7 13. Rac1 Rfd8 14. Ndb5 Qe8 15. Nd5 Qd7 16. Bg5 Ne8 17. Bf1 ({Better is} 17. Nxa7 $1 $16 Nxa7 18. Nxe7+ (18. Bxe7 Ra8 $11) 18... Kh8 19. Nxc8 Rxc8 20. b4) 17... f6 18. Bh4 e6 {[%emt 0:01:37] [#]} (18... Ra8 $14) 19. Ndc3 (19. Nxa7 $1 $16 exd5 (19... Nxa7 $2 20. Nxb6 Qf7 21. Nxc8 $18) 20. Nxc8 Rxc8 21. cxd5 (21. Qxd5+ Kf8 $16)) 19... Qf7 $14 20. Qf2 Rd7 21. Rc2 Bh6 22. f4 g5 (22... Rcd8 $11 {remains equal.}) 23. Bg3 $16 gxf4 24. Bxf4 Bxf4 25. Qxf4 Rcd8 26. Rcd2 Qe7 27. Rf2 Kh8 28. Qh4 Qg7 29. Qh3 Qe7 (29... a6 $14 {deserves consideration.}) 30. Ne2 Ne5 {[%emt 0:00:00][%csl LRc4,LRe4] [#]} 31. Nf4 $1 (31. Nxa7 $6 Bxe4 32. Nb5 d5 $11) 31... Ng7 32. Nd4 (32. Nxa7 $6 Bxe4 33. Nb5 Bf5) (32. Re1 $16) 32... Re8 ({Black should try} 32... Bxe4 $14 33. Nfxe6 (33. Ndxe6 $2 Bf5 $19) 33... Rg8) 33. Re1 Qf7 34. Re3 f5 35. Be2 {[%emt 0:01:18] Dodges Ng4} Qf6 {[%emt 0:00:00] Strongly threatening ...Ng4. Inhibits Qh6.} 36. exf5 exf5 37. Nh5 Nxh5 38. Bxh5 Nf3+ $2 {[%emt 0:00:00][%mdl 8192] [#]} 39. Qxf3 $1 $18 Bxf3 40. Rxe8+ Kg7 41. Ne6+ (41. Bxf3 Qxd4 42. Bd5 h5 $11) ({Less strong is} 41. Nxf3 Re7 $18) 41... Kh6 42. Rxf3 ({Inferior is} 42. Bxf3 Qg6 43. Rf8 Qxe6 $11) 42... Qxb2 43. Nf4 {[%emt 0:00:52] Intending Re6+ and mate.} Qd4+ 44. Kf1 Qxc4+ 45. Kf2 {[%emt 0:00:18] Re6+ would now be deadly.} Qxa2+ $2 (45... Qd4+ 46. Kg3 Qg7+ 47. Kh3 Re7) 46. Re2 {[%emt 0:00:04] Active counter play!} Qc4 47. Re6+ Kg5 48. Nh3+ 1-0

[Event "Navidad Barcelona IM2 2024"]
[Site "Barcelona"]
[Date "2024.12.27"]
[Round "3.2"]
[White "Fuentes Guinot, Alejandro"]
[Black "Cruz, Filemon"]
[Result "1-0"]
[ECO "E15"]
[WhiteElo "2262"]
[BlackElo "2234"]
[Annotator "RC"]
[PlyCount "87"]
[EventDate "2024.12.26"]
[EventCountry "ESP"]
[SourceTitle "playchess.com"]
[Source "ChessBase"]
[SourceQuality "1"]
[TimeControl "5400+30"]

1. d4 e6 2. c4 Nf6 3. Nf3 b6 4. g3 Ba6 5. Qc2 c5 6. Bg2 Bb7 7. dxc5 Bxc5 8. O-O a6 9. Nc3 Be7 10. b3 d6 11. Bb2 Nbd7 12. e4 Rc8 13. Qe2 O-O 14. Nd2 Re8 15. e5 Bxg2 16. exf6 Bxf1 17. fxe7 Bxe2 18. exd8=Q Rexd8 19. Nxe2 d5 20. Bd4 e5 21. Bc3 d4 22. Bb4 Nc5 23. Bxc5 bxc5 24. g4 g6 25. g5 h6 26. h4 Kg7 27. Re1 a5 28. Nc1 d3 29. Rxe5 Rd4 30. Kf1 Rcd8 31. Re3 Rxh4 32. gxh6+ Rxh6 33. Nxd3 Rh1+ 34. Ke2 a4 35. Nxc5 Ra1 36. Nxa4 Rxa2 37. Rd3 Re8+ 38. Kf3 f5 39. Nc3 Rb2 40. c5 Rc8 41. Na4 Ra2 42. Nc4 Rc7 43. Re3 Kf6 44. Nc3 1-0

[Event "Navidad Barcelona IM2 2024"]
[Site "Barcelona"]
[Date "2024.12.27"]
[Round "3.3"]
[White "Rojas Keim, Luis"]
[Black "Abreu Sanchez, Leonel Jesus"]
[Result "1-0"]
[ECO "C26"]
[WhiteElo "2326"]
[BlackElo "1857"]
[Annotator "RC"]
[PlyCount "75"]
[EventDate "2024.12.26"]
[EventCountry "ESP"]
[SourceTitle "playchess.com"]
[Source "ChessBase"]
[SourceQuality "1"]
[TimeControl "5400+30"]

1. e4 e5 2. Nc3 Nf6 3. g3 g6 4. Bg2 Bg7 5. Nge2 O-O 6. O-O Nc6 7. f4 d6 8. h3 exf4 9. Nxf4 Nd4 10. d3 c6 11. Be3 Nd7 12. Kh1 Nc5 13. g4 Bd7 14. Qd2 Qe7 15. Rae1 Rae8 16. Qf2 Nce6 17. Nd1 Nxf4 18. Bxf4 b6 19. c3 Ne6 20. Bg3 Nc5 21. Qd2 Bf6 22. d4 Bg5 23. Qc2 Ne6 24. Qf2 f6 25. Ne3 Nd8 26. Nc4 Nb7 27. a4 Be6 28. d5 Bd7 29. dxc6 Bxc6 30. Qd4 Rd8 31. Nxb6 axb6 32. Qc4+ Kh8 33. Qxc6 Nc5 34. Rd1 Rfe8 35. Bxd6 Qe6 36. e5 Rc8 37. Qxb6 Nxa4 38. Qb5 1-0

[Event "Navidad Barcelona IM2 2024"]
[Site "Barcelona"]
[Date "2024.12.27"]
[Round "3.4"]
[White "Ayats Llobera, Gerard"]
[Black "Martin Barcelo, Carles"]
[Result "1/2-1/2"]
[ECO "B12"]
[WhiteElo "2451"]
[BlackElo "2257"]
[Annotator "TA"]
[PlyCount "61"]
[EventDate "2024.12.26"]
[EventCountry "ESP"]
[SourceTitle "playchess.com"]
[Source "ChessBase"]
[SourceQuality "1"]
[TimeControl "5400+30"]

1. e4 c6 2. d4 d5 3. e5 c5 4. dxc5 e6 5. Bd3 Nc6 6. Nf3 Bxc5 7. O-O Nge7 8. Nbd2 Ng6 9. Nb3 {[%emt 0:00:00] And now Bxg6 would win.} Bb6 10. Re1 O-O 11. Bxg6 fxg6 12. c3 h6 13. Nbd4 Nxd4 14. Nxd4 g5 15. Be3 Bd7 16. Qg4 Kh8 17. Nf3 (17. Nxe6 $2 Bxe3 18. Rxe3 Qb6 $19) 17... Bxe3 18. fxe3 Qc7 19. Rad1 Rac8 20. Qb4 Kg8 21. Rf1 a5 22. Qd4 b6 23. h3 Rf5 24. Rf2 Be8 25. Rdd2 Bg6 26. g4 (26. c4 $11) 26... Rff8 $17 27. Rde2 Rf7 28. Nd2 Rxf2 29. Rxf2 Qc5 30. Kg2 {[%emt 0:05:37] [#]} (30. Qxc5 $11 {remains equal.} Rxc5 (30... bxc5 31. e4 $15) 31. Nf3) 30... Qb5 $1 31. b3 (31. Nf1 $17 {might work better.}) 1/2-1/2

[Event "Navidad Barcelona IM2 2024"]
[Site "Barcelona"]
[Date "2024.12.27"]
[Round "3.5"]
[White "Gonzalez, Raul Omar"]
[Black "Serrahima Susany, Ramon"]
[Result "1-0"]
[ECO "D31"]
[WhiteElo "2131"]
[BlackElo "2020"]
[Annotator "RC"]
[PlyCount "107"]
[EventDate "2024.12.26"]
[EventCountry "ESP"]
[SourceTitle "playchess.com"]
[Source "ChessBase"]
[SourceQuality "1"]
[TimeControl "5400+30"]

1. c4 e6 2. e3 d5 3. d4 c6 4. Nc3 Nf6 5. b3 Qa5 6. Bd2 Bb4 7. Qc2 Qc7 8. Nf3 Nbd7 9. Bd3 dxc4 10. bxc4 e5 11. O-O O-O 12. a3 Be7 13. Rfd1 Re8 14. c5 exd4 15. exd4 Nf8 16. Re1 Be6 17. g3 Rad8 18. Bf4 Qc8 19. Be5 Ng6 20. Ng5 Bd7 21. Bc4 Nd5 22. Nge4 Bf5 23. Qb3 Nxe5 24. dxe5 Be6 25. Nd6 Bxd6 26. cxd6 Nxc3 27. Qxc3 Bxc4 28. Qxc4 Qf5 29. Qc3 Rd7 30. Rad1 h6 31. Re3 Qe6 32. Rd4 Qf5 33. Rf4 Qb1+ 34. Kg2 Qa2 35. Rd4 Qb1 36. Rb4 Qd1 37. Rd4 Qb1 38. Qd2 Qb5 39. Rde4 Re6 40. f4 g6 41. g4 f5 42. gxf5 gxf5 43. Rg3+ Kh7 44. Rd4 Qb1 45. Rb4 Qa1 46. Qc2 Rxe5 47. fxe5 Qxe5 48. Qc4 Qe8 49. Qd3 Qe5 50. Rbg4 Qb2+ 51. Kh3 Qe5 52. Rg6 b6 53. Qc4 Qe8 54. Qe6 1-0

[Event "Navidad Barcelona IM2 2024"]
[Site "Barcelona"]
[Date "2024.12.28"]
[Round "4.1"]
[White "Cruz, Jonathan"]
[Black "Serrahima Susany, Ramon"]
[Result "1-0"]
[ECO "A13"]
[WhiteElo "2342"]
[BlackElo "2020"]
[Annotator "RC"]
[PlyCount "57"]
[EventDate "2024.12.26"]
[EventCountry "ESP"]
[SourceTitle "playchess.com"]
[Source "ChessBase"]
[SourceQuality "1"]
[TimeControl "5400+30"]

1. Nf3 d5 2. b3 Nf6 3. Bb2 e6 4. c4 b6 5. g3 Bb7 6. Bg2 Nbd7 7. O-O Bd6 8. Nc3 a6 9. cxd5 exd5 10. Nh4 h5 11. d3 Ne5 12. e4 dxe4 13. dxe4 g6 14. Qe2 O-O 15. Kh1 Ned7 16. f4 Be7 17. Rad1 Qe8 18. e5 Bxg2+ 19. Nxg2 Ng4 20. Nd5 Bd8 21. Ba3 c5 22. Qf3 Rc8 23. Nc3 Be7 24. Qb7 Nb8 25. Nd5 Nc6 26. Qxb6 Nb8 27. Qb7 Nc6 28. h3 Nh6 29. Bxc5 1-0

[Event "Navidad Barcelona IM2 2024"]
[Site "Barcelona"]
[Date "2024.12.28"]
[Round "4.2"]
[White "Martin Barcelo, Carles"]
[Black "Gonzalez, Raul Omar"]
[Result "1-0"]
[ECO "B52"]
[WhiteElo "2257"]
[BlackElo "2131"]
[Annotator "RC"]
[PlyCount "73"]
[EventDate "2024.12.26"]
[EventCountry "ESP"]
[SourceTitle "playchess.com"]
[Source "ChessBase"]
[SourceQuality "1"]
[TimeControl "5400+30"]

1. e4 c5 2. Nf3 d6 3. Bb5+ Bd7 4. c4 Nc6 5. Nc3 e5 6. d3 Be7 7. O-O Nf6 8. Nh4 Nd4 9. Nf5 Nxf5 10. exf5 Bxb5 11. Nxb5 O-O 12. Qf3 Qd7 13. Nc3 h6 14. Re1 Rfe8 15. h4 h5 16. Bg5 Ng4 17. Nd5 f6 18. Bd2 Bd8 19. Qe4 Kh7 20. f3 Nh6 21. Bxh6 gxh6 22. Kh2 Rg8 23. Rg1 Qf7 24. g4 hxg4 25. Rxg4 Rxg4 26. Qxg4 b5 27. Rg1 bxc4 28. dxc4 Rb8 29. b3 Rb7 30. Ne3 Ba5 31. Qg6+ Qxg6 32. fxg6+ Kg8 33. Rg2 e4 34. fxe4 Bc3 35. Kg3 Re7 36. Kf3 h5 37. Nd5 1-0

[Event "Navidad Barcelona IM2 2024"]
[Site "Barcelona"]
[Date "2024.12.28"]
[Round "4.3"]
[White "Abreu Sanchez, Leonel Jesus"]
[Black "Ayats Llobera, Gerard"]
[Result "0-1"]
[ECO "E68"]
[WhiteElo "1857"]
[BlackElo "2451"]
[Annotator "RC"]
[PlyCount "94"]
[EventDate "2024.12.26"]
[EventCountry "ESP"]
[SourceTitle "playchess.com"]
[Source "ChessBase"]
[SourceQuality "1"]
[TimeControl "5400+30"]

1. d4 Nf6 2. c4 g6 3. Nc3 Bg7 4. Nf3 O-O 5. g3 d6 6. Bg2 Nbd7 7. O-O e5 8. e4 Re8 9. h3 exd4 10. Nxd4 Nc5 11. Re1 Nfd7 12. Rb1 Ne5 13. Bf1 Ned3 14. Bxd3 Bxd4 15. Bf1 Bxc3 16. bxc3 Rxe4 17. Bh6 Rxe1 18. Qxe1 Bf5 19. Rd1 Qf6 20. Qe3 Qe5 21. Re1 Qxe3 22. Rxe3 Be6 23. g4 Re8 24. f3 f6 25. Bf4 Kf7 26. Kf2 g5 27. Bg3 h6 28. Be2 Na4 29. a3 Nb6 30. Re4 Na4 31. Re3 Bd7 32. Bd1 Rxe3 33. Kxe3 Nxc3 34. Bc2 b6 35. Be1 Na4 36. Bxa4 Bxa4 37. h4 Bb3 38. Kd3 Ke6 39. hxg5 hxg5 40. Bc3 a6 41. Bd4 c5 42. Bf2 b5 43. cxb5 axb5 44. Bg3 Bd1 45. Ke3 d5 46. Bf2 d4+ 47. Ke4 Bc2# 0-1

[Event "Navidad Barcelona IM2 2024"]
[Site "Barcelona"]
[Date "2024.12.28"]
[Round "4.4"]
[White "Cruz, Filemon"]
[Black "Rojas Keim, Luis"]
[Result "0-1"]
[ECO "A62"]
[WhiteElo "2234"]
[BlackElo "2326"]
[Annotator "RC"]
[PlyCount "64"]
[EventDate "2024.12.26"]
[EventCountry "ESP"]
[SourceTitle "playchess.com"]
[Source "ChessBase"]
[SourceQuality "1"]
[TimeControl "5400+30"]

1. Nf3 Nf6 2. d4 c5 3. d5 d6 4. c4 g6 5. Nc3 Bg7 6. g3 O-O 7. Bg2 e6 8. O-O exd5 9. cxd5 Na6 10. e4 Bg4 11. h3 Bxf3 12. Qxf3 Nd7 13. Qd1 Rb8 14. f4 c4 15. Kh2 b5 16. e5 dxe5 17. f5 Nac5 18. d6 Nd3 19. Nd5 Nf6 20. Ne7+ Kh8 21. Nc6 Qxd6 22. Nxb8 Rxb8 23. Qe2 Re8 24. Bg5 e4 25. Qe3 Nh5 26. f6 Bxf6 27. Rxf6 Nxf6 28. Rf1 Re6 29. Qxa7 Kg7 30. Be3 Ne5 31. Bf4 Qd3 32. Qf2 Neg4+ 0-1